 Dungeon Crawl Stone Soup version 0.29.1-1-gd02db69 (webtiles) character file.

Game seed: 12449405430405119636

2907 Timinator the Martial Artist (level 9, 0/85 HPs)
             Began as a Demigod Transmuter on Jan 9, 2023.
             Slain by an ufetubus (2 damage)
             ... on level 7 of the Dungeon.
             The game lasted 00:26:57 (8874 turns).

Timinator the Martial Artist (Demigod Transmuter)   Turns: 8874, Time: 00:26:57

Health: 0/85       AC:  6    Str: 15    XL:     9   Next: 25%
Magic:  21/25      EV: 12    Int: 15    God:
Gold:   301        SH:  5    Dex: 22    Spells: 6/13 levels left

rFire   x . .      SeeInvis .     - Unarmed
rCold   + + +      Faith    .   (shield currently unavailable)
rNeg    . . .      Spirit   .   (body armour currently unavailable)
rPois   +          Reflect  +   (helmet currently unavailable)
rElec   .          Harm     .   (cloak currently unavailable)
rCorr   .          Rampage  .   (gloves currently unavailable)
Will    .....                   (boots currently unavailable)
Stlth   ++........              n - amulet of reflection
HPRegen 0.24/turn               d - ring of magical power
MPRegen 0.19/turn               (no ring)

@: ice-form, wereblooded
A: freezing attack, amphibious, boosted hp, large, high MP 1, forlorn, divine
attributes
a: End Transformation


You were on level 7 of the Dungeon.
You were a creature of crystalline ice.
You visited 1 branch of the dungeon, and saw 7 of its levels.
You also visited: Sewer.

You collected 301 gold pieces.

Inventory:

Missiles
 o - 5 javelins
Armour
 j - a +0 ring mail
 y - +0 steam dragon scales (melded)
Jewellery
 d - a ring of magical power (left front paw)
 g - a ring of poison resistance
 n - an amulet of reflection (around neck)
 s - an amulet of the acrobat
 x - a ring of protection from cold
Wands
 p - a wand of paralysis (15)
 t - a wand of acid (13)
 z - a wand of digging (3)
 B - a wand of mindburst (19)
 D - a wand of polymorph (3)
Scrolls
 a - a scroll of teleportation {unknown}
 b - 2 scrolls of blinking {unknown}
 i - 2 scrolls of summoning {unknown}
 l - a scroll of butterflies {unknown}
 m - a scroll of silence {unknown}
 q - 2 scrolls of vulnerability {unknown}
 v - a scroll of magic mapping {unknown}
 C - a scroll of enchant armour {unknown}
 E - a scroll of fear {unknown}
Potions
 c - a potion of magic
 e - 2 potions of heal wounds
 f - 4 potions of resistance
 h - a potion of flight {unknown}
 k - a potion of degeneration {unknown}
 r - a potion of attraction
 u - 3 potions of curing
 w - a potion of brilliance
 A - a potion of cancellation {unknown}


   Skills:
 * Level 4.2 Fighting
 - Level 3.0 Armour
 * Level 4.2 Dodging
 - Level 0.5 Shields
 * Level 8.6 Unarmed Combat
 - Level 2.5 Spellcasting
 + Level 5.2 Transmutations
 * Level 1.9 Ice Magic


You had 6 spell levels left.
You knew the following spells:

 Your Spells              Type           Power      Damage    Failure   Level
a - Beastly Appendage     Tmut           34%        N/A       2%          1
b - Wereblood             Tmut           17%        N/A       3%          2
c - Ice Form              Ice/Tmut       12%        N/A       43%         4

Your spell library contained the following spells:

 Spells                   Type           Power      Damage    Failure   Level
 Foxfire                  Conj/Fire      4%         2x1d4     22%         1
 Spider Form              Tmut/Pois      9%         N/A       22%         3
 Scorch                   Fire           2%         2d5       32%         2
 Conjure Flame            Conj/Fire      1%         6-21      54%         3
 Inner Flame              Hex/Fire       1%         N/A       54%         3
 Flame Wave               Conj/Fire      1%         2d4       91%         4
 Summon Cactus Giant      Summ           0%         N/A       100%        6


Dungeon Overview and Level Annotations

Branches:
Dungeon (7/15)             Temple (0/1) D:4           Sewer (visited)


Innate Abilities, Weirdness & Mutations

You are a creature of crystalline ice.
You have a powerful freezing melee attack.
You are amphibious.
Your maximum health is increased.
Your armour is entirely melded.
You are incapable of wielding weapons or throwing items.
You have an increased reservoir of magic. (+10% MP)
You shall have no god before yourself.
Your divine heritage dramatically boosts your attributes as you level up.


Message History

Okay, then.
Casting: Beastly Appendage (safe; 2% risk of failure)
Confirm with . or Enter, or press ? or * to list all spells.
You don't know that spell.
Casting: Beastly Appendage (safe; 2% risk of failure)
Confirm with . or Enter, or press ? or * to list all spells.
Your blood is infused with primal strength.
Casting: Wereblood (safe; 3% risk of failure)
Confirm with . or Enter, or press ? or * to list all spells.
The spell is quite dangerous to miscast (43% risk of failure)!
Continue anyway?
You turn into a creature of crystalline ice.
Your +0 steam dragon scales melds into your body.
You climb downwards.
There is a stone staircase leading up here.
You hit the orc. You freeze the orc.
The orc is almost dead.
The orc hits you but does no damage.
You pummel the orc!! You freeze the orc.
You kill the orc!
An ufetubus comes into view.
The ufetubus moves out of view.
Things that are here:
a +0 hand axe; an orc corpse The cyclops throws a large rock.
The large rock hits you!!!
You hear a shout!
You hit the cyclops but do no damage. The cyclops hits you.
You hit the cyclops. You freeze the cyclops.
The cyclops is lightly wounded.
You hit the cyclops. You freeze the cyclops.
The cyclops is moderately wounded.
The cyclops hits you!
* * * LOW HITPOINT WARNING * * *
You punch the cyclops! You freeze the cyclops!
The cyclops is almost dead.
You hit the cyclops. You freeze the cyclops.
The cyclops is almost dead.
The cyclops hits you!!
* * * LOW HITPOINT WARNING * * *
The ufetubus closely misses you. The ufetubus hits you.
You die...

..C...)>).##.....
...####[####...##
##..##..###
#..((...#
#...)...#
#.<)....#
#?)[....#
#...C5..#
#...Y...#
#..<.>..#
#.......#
#.......#
#########


You could see a cyclops and an ufetubus.

Vanquished Creatures
  A troll (D:7)
  Grinder (D:5)
  6 yaks (D:5)
  A steam dragon (D:6)
  An orc warrior (D:7)
  An ogre (D:5)
  2 phantoms
  4 bullfrogs
  A necrophage (D:6)
  A gnoll sergeant (D:6)
  A scorpion (D:6)
  A howler monkey (D:4)
  2 orc priests
  3 hounds
  2 jellies
  4 iguanas
  2 orc wizards
  10 gnolls
  9 adders
  6 river rats (Sewer)
  An ufetubus (D:4)
  A worm (D:2)
  4 dart slugs
  18 orcs
  6 bats
  9 endoplasms
  2 giant cockroaches (D:6)
  10 goblins
  2 hobgoblins (D:4)
  3 jackals (Sewer)
  5 quokkas
  14 ball pythons
  5 frilled lizards
  8 kobolds
  8 rats
155 creatures vanquished.

Vanquished Creatures (others)
  15 plants (Sewer)
15 creatures vanquished.

Grand Total: 170 creatures vanquished

Notes
Turn   | Place    | Note
-------+----------+-------------------------------------------
     0 | D:1      | Timinator the Demigod Transmuter began the quest for the
                  | Orb.
     0 | D:1      | Reached XP level 1. HP: 15/15 MP: 5/5
   186 | D:1      | Reached skill level 1 in Fighting
   227 | D:1      | Reached skill level 3 in Unarmed Combat
   432 | D:1      | Reached XP level 2. HP: 23/23 MP: 7/7
  1193 | D:2      | Reached XP level 3. HP: 16/28 MP: 8/8
  1964 | D:3      | Learned a level 2 spell: Wereblood
  2111 | D:3      | Reached skill level 1 in Armour
  2354 | D:3      | Reached XP level 4. HP: 35/35 MP: 9/9
  2634 | D:3      | Reached skill level 4 in Unarmed Combat
  3160 | D:4      | Noticed a phantom
  3171 | D:4      | Killed a phantom
  3172 | D:4      | Reached XP level 5. HP: 32/41 MP: 10/10
  3336 | D:4      | Found a staircase to the Ecumenical Temple.
  3585 | D:4      | Reached XP level 6. HP: 48/48 MP: 11/11
  3990 | D:5      | Entered Level 5 of the Dungeon
  4301 | D:5      | Reached skill level 5 in Unarmed Combat
  4346 | D:5      | Noticed a yak
  4346 | D:5      | Noticed a yak
  4347 | D:5      | Noticed a yak
  4347 | D:5      | Noticed a yak
  4347 | D:5      | Noticed a yak
  4348 | D:5      | Noticed a yak
  4608 | D:5      | Noticed Grinder
  4618 | D:5      | Paralysed by Grinder for 2 turns
  4626 | D:5      | Paralysed by Grinder for 5 turns
  4637 | D:5      | Paralysed by Grinder for 4 turns
  4643 | D:5      | Killed Grinder
  4644 | D:5      | Reached XP level 7. HP: 16/56 MP: 12/12
  5446 | D:5      | Learned a level 4 spell: Ice Form
  5504 | D:5      | Killed a yak
  5505 | D:5      | Reached skill level 6 in Unarmed Combat
  5895 | D:5      | Killed a yak
  5900 | D:5      | Killed a yak
  5901 | D:5      | Reached XP level 8. HP: 53/63 MP: 14/14
  5924 | D:5      | Reached skill level 7 in Unarmed Combat
  6349 | D:6      | Reached skill level 1 in Ice Magic
  6352 | D:6      | Found a glowing drain.
  6384 | Sewer    | Entered a sewer
  7133 | D:6      | Reached skill level 8 in Unarmed Combat
  7621 | D:6      | Reached XP level 9. HP: 61/71 MP: 16/16
  7628 | D:6      | Reached skill level 5 in Transmutations
  8364 | D:7      | Noticed a cyclops
  8874 | D:7      | HP: 2/85 [cyclops (23)]
  8874 | D:7      | Slain by an ufetubus

Illustrated notes

Levels and vault maps discovered:
D:1:      dpeg_arrival_prison, layout_rooms,
          chequers_ecumenical_altar_simple_redux, minmay_heptomino_d4
D:2:      layout_basic, basic_altar, minivault_25, kennysheep_path_1
D:3:      layout_basic, minmay_cut_off
D:4:      layout_loops_cross, vehumet_crystals,
          chequers_temple_overflow_minitemple, minmay_temple_entry_ruins,
          grunt_decor_cap, kennysheep_generic_room_9
D:5:      layout_layer_cave, fedhas_altar_3, uniq_grinder
D:6:      layout_loops_corners, tso_metal_star, elyvilon_altar_5,
          gup_sewer_entry_glass
D:7:      layout_rooms

Skill      XL: |  1  2  3  4  5  6  7  8  9 |
---------------+----------------------------+-----
Fighting       | 1 2 3 4 |  4.2
Unarmed Combat | 3 4 5 6 8 |  8.6
Transmutations | 2 3 4 5 |  5.2
Dodging        | 2 3 4 |  4.2
Armour         | 1 2 3 |  3.0
Spellcasting   | 2 |  2.5
Ice Magic      | 1 |  1.9
Shields        | |  0.5

Action                   |  1- 3 |  4- 6 |  7- 9 || total
-------------------------+-------+-------+-------++-------
Melee: Unarmed           |   118 |   117 |   220 ||   455
       Kick              |    22 |    37 |    72 ||   131
       Headbutt          |    15 |    24 |    39 ||    78
       Punch             |     3 |     1 |     9 ||    13
Throw: Javelin           |       |     5 |       ||     5
 Cast: Beastly Appendage |    28 |    27 |    30 ||    85
       Wereblood         |       |    11 |    15 ||    26
       Ice Form          |       |       |     1 ||     1
Evoke: Wand              |       |     1 |       ||     1
  Use: Potion            |     1 |     1 |     1 ||     3
       Scroll            |       |     5 |     2 ||     7
 Stab: Sleeping          |     3 |     3 |     1 ||     7
Armor: Robe              |    20 |     8 |       ||    28
       Skin              |     4 |    15 |     1 ||    20
       Ring mail         |       |     5 |    22 ||    27
       Steam dragon scal |       |       |    10 ||    10
Dodge: Dodged            |    70 |    53 |   106 ||   229
Block: Other             |     8 |    23 |    38 ||    69
       Reflection        |       |     1 |     1 ||     2
